[Event "FIDE WTC-KO 202"]
[Site "Jerusalem"]
[Date "2022.11.23"]
[Round "2.1"]
[White "Shevchenko, Kirill"]
[Black "Sindarov, Javokhir"]
[Result "1-0"]
[ECO "C83"]
[WhiteElo "2584"]
[BlackElo "2554"]
[Annotator "TA"]
[PlyCount "129"]
[EventDate "2022.11.20"]
[EventType "team-tourn"]
[EventCountry "ISR"]
[SourceTitle "playchess.com"]
[Source "ChessBase"]
[SourceQuality "1"]
[TimeControl "2700+10"]

1. e4 e5 2. Nf3 Nc6 3. Bb5 a6 4. Ba4 Nf6 5. O-O Nxe4 6. d4 b5 7. Bb3 d5 8. dxe5 Be6 9. Nbd2 Nc5 10. c3 Be7 11. Bc2 d4 12. Nb3 {[%emt 0:00:01][%cal Rb3d4] C83: Open Ruy Lopez: 9 c3 Be7.} dxc3 {[%emt 0:00:04] Hoping for ...Qxd1.} 13. Nxc5 Bxc5 14. Be4 {[%emt 0:00:00] White is slightly better.} Qd7 15. Bg5 {[%emt 0:00:02] Against Rd8. aiming for Rc1.} (15. bxc3 {simplifies} Rd8 16. Qc2 Bd5 17. Bg5) 15... h6 {[%emt 0:00:33] [#]} (15... cxb2 16. Rb1 Rb8 17. Qc2 $11) 16. Qc2 hxg5 17. Rad1 Nb4 $1 18. Qxc3 {[%emt 0:00:01][%cal Od1d7] Really sharp!} Bxf2+ $1 19. Kxf2 Nd5 20. Qc5 c6 21. Nxg5 Rh5 22. Nf3 Qa7 23. Rc1 Ne7 24. b3 (24. Rfd1 {seems wilder.} Bxa2 25. g4 Rh3 26. Kg2) 24... Qxc5+ 25. Rxc5 {[%emt 0:00:01] [#]} Rc8 $146 ({Predecessor:} 25... Rd8 26. Rfc1 Bd5 27. Bxd5 Nxd5 28. g4 Rh3 29. Rxc6 Nf4 30. R1c3 Nd3+ 31. Kg2 Nf4+ {0-1 (62) Navara,D (2700)-Abdusattorov,N (2651) Belgrade 2022}) 26. Rfc1 Kd7 $1 27. Rd1+ Kc7 $1 28. Rd6 Bg4 29. Bxc6 {[%emt 0:04:00] Threatening mate with Be4+.} Rxe5 30. Rdd5 Rxd5 (30... Re4 $1 $11 31. Bxb5+ Kb6 32. Rxc8 Bxc8) 31. Bxd5+ $14 {[%emt 0:00:02][%mdl 64] Discovered Attack} Kd6 $1 32. Rxc8 Bxc8 33. Bxf7 {[%emt 0:00:02][%mdl 4096] Endgame KBN-KBN} Nd5 34. a3 Nc3 35. Nd2 Ke5 36. Ke3 Bg4 ({Black should try} 36... Bf5) 37. Nf3+ $16 Kd6 38. Nd2 Ke5 $1 {[%emt 0:00:02] Prevents Ne4.} 39. Kd3 Nd5 (39... Ne2 $16) 40. Bxd5 $1 $18 Kxd5 {[%emt 0:00:01] KB-KN} 41. Nf1 $2 (41. b4 $1 $18 {And now Ke3 would win.} Ke5 42. Ke3) 41... Be6 42. Ne3+ (42. b4 $16) 42... Ke5 $11 43. b4 Bg8 $2 {[%emt 0:00:05] [#]} (43... g5 $1 $14) 44. Ng4+ $2 (44. Nd1 $1 $18) 44... Kd5 $2 (44... Kf4 $11 45. Ne3 Ke5) 45. Nf2 $18 Ke5 46. Ng4+ $2 (46. g3 $18) 46... Kf4 47. Nf2 Bd5 48. g3+ Kf3 49. Kd4 Bb7 50. Nd3 {[%emt 0:00:14] Black must now prevent Nf4.} Kg2 $1 51. Ke3 Kxh2 52. Kf4 g5+ 53. Kxg5 Kxg3 54. Kf6 Kf3 55. Nc5 Bc6 56. Ke5 {[%emt 0:00:09][%cal Oe5d6] White threatens Kd6! and mate.} Ke3 57. Nxa6 {[%emt 0:00:01] Strongly threatening Kd6.} Kd3 $2 {[%emt 0:00:21][%mdl 8192] [#]} (57... Be4 $11) 58. Kd6 $1 {[%emt 0:00:01] White mates.} Bf3 59. Kc5 Kc3 60. Kxb5 ({Weaker is} 60. Nc7 Kb3 $11) 60... Kb3 61. a4 Bh5 62. Nc5+ Kc3 63. Ne4+ Kb3 64. Nd6 Be2+ 65. Ka5 {[%emt 0:00:01] Weighted Error Value: White=0.22 (precise) /Black=0.31} 1-0

[Event "FIDE WTC-KO 202"]
[Site "Jerusalem"]
[Date "2022.11.23"]
[Round "2.1"]
[White "Xu, Xiangyu"]
[Black "Piorun, Kacper"]
[Result "1/2-1/2"]
[ECO "D35"]
[WhiteElo "2574"]
[BlackElo "2494"]
[Annotator "TA"]
[PlyCount "267"]
[EventDate "2022.11.20"]
[EventType "team-tourn"]
[EventCountry "ISR"]
[SourceTitle "playchess.com"]
[Source "ChessBase"]
[SourceQuality "1"]
[TimeControl "2700+10"]

1. d4 d5 2. c4 e6 3. Nc3 Nf6 4. cxd5 exd5 5. Bg5 Nbd7 6. e3 h6 7. Bf4 Be7 8. Bd3 c6 9. h3 Nf8 10. Nf3 Ne6 11. Bh2 O-O 12. O-O Bd6 13. Ne5 c5 14. Nb5 Be7 15. dxc5 Nxc5 16. Rc1 a6 17. Nd4 Qb6 18. Qc2 Re8 19. a3 Bd6 20. b4 Nce4 21. Bxe4 dxe4 22. Nc4 Bxh2+ 23. Kxh2 Qc7+ 24. Kg1 Bd7 25. Na5 Qxc2 26. Rxc2 Ba4 27. Rd2 b6 28. Nc4 Rab8 29. Nb2 Bd7 30. Rc1 Kf8 31. Rc7 Rec8 32. Ra7 Ra8 33. Rxa8 Rxa8 34. Nc4 Rb8 35. Kh2 g6 36. f3 exf3 37. gxf3 Nd5 38. e4 Nf4 39. h4 g5 40. Ne5 Be8 41. Nf5 f6 42. Ng4 Bg6 43. Rd6 Bxf5 44. Rxf6+ Ke7 45. Rxf5 Rc8 46. hxg5 hxg5 47. Rxg5 Rc3 48. Rf5 ({White should play} 48. Re5+ $16 Kd8 49. Kg3) 48... Rxf3 $11 49. Ne5 Rh3+ 50. Kg1 Ne2+ 51. Kf2 Nd4 (51... Nc3 $5 ) 52. Ng6+ Ke8 53. Rd5 Nb5 54. e5 Kf7 (54... Rxa3 $11 {keeps the balance.} 55. e6 Nc3) 55. Nf4 $16 Rxa3 56. e6+ (56. Rd7+ $16 Ke8 57. e6) 56... Ke8 (56... Kf6 $11) 57. Rh5 (57. Rd7 $16 {Intending Nh5 and mate.} Ra2+ 58. Kf3 Ra3+ 59. Kf2 Ra2+ 60. Kg3 Ra3+ 61. Kf2) 57... Nd4 58. Kg2 (58. Rh8+ $14 Ke7 59. Rh7+ Ke8 60. Nd5 Nxe6 61. Re7+ (61. Nxb6 Nf4 $11) 61... Kd8 62. Rxe6) 58... a5 (58... Ra2+ $1 $11 59. Kh3 a5) 59. Rh8+ $14 Ke7 60. Rh7+ Ke8 61. e7 (61. Nd5 $14 Nxe6 62. Re7+ (62. Nxb6 Nf4+ 63. Kf2 axb4 $11) 62... Kd8 63. Rxe6) 61... Ra2+ (61... axb4 62. Nd5 Ra2+ 63. Kh3 Kd7 64. Nf6+ Kd6 65. e8=Q (65. e8=B b3 $11) 65... Re2 66. Qd8+ Ke5 67. Qd5+ Kxf6 68. Qxd4+) 62. Kh3 Nc6 (62... axb4 63. Nd5 Kd7 64. Nf6+ Kd6 65. e8=Q (65. e8=B b3 $11) 65... Re2 66. Qd8+ Ke5 67. Qd5+ Kxf6 68. Rh6+ Kg7 69. Qg5+ Kf7 70. Qf6+ Ke8 71. Rh8+ Kd7 72. Rh7+ Kc8 73. Qh8+) (62... Ra1 $11 63. Kg2 Ra2+ 64. Kf1 Ra1+ 65. Kf2 Ra2+ 66. Kf1 (66. Ke3 Nf5+ 67. Ke4 Nd6+ 68. Kd3 Ra3+ 69. Kc2 Ra2+ 70. Kd3 Ra3+ 71. Kc2 Ra2+ 72. Kd3 $11) 66... Ra1+ 67. Kf2 Ra2+ 68. Kf1 (68. Ke3 Nf5+ 69. Ke4 Nxe7 $11)) 63. Nd5 $1 $14 Nxe7 (63... Nxb4 $2 64. Nf6#) 64. Rxe7+ ({Much worse is} 64. Nxe7 axb4 65. Nf5 b3 66. Nd6+ Kd8 67. Nb7+ Ke8 68. Nd6+ Kd8 69. Nb7+ Ke8 70. Nd6+ $11) 64... Kd8 65. Rb7 axb4 66. Nxb4 Rb2 67. Nc6+ Kc8 68. Re7 Rc2 69. Nd4 Rc7 70. Re8+ Kd7 71. Rb8 Rc3+ 72. Kg2 Rd3 73. Nf5 Kc7 74. Ra8 Kb7 75. Ra1 Kc7 76. Kf2 Rd5 77. Ne3 Ra5 78. Rb1 Rc5 79. Kf3 Kc6 80. Ke4 Rh5 81. Nf5 Rh2 82. Rc1+ Kb5 83. Nd4+ Kb4 84. Nc6+ Kb3 85. Kd5 Rh5+ 86. Ne5 b5 87. Rb1+ Kc3 88. Rxb5 Rh8 89. Rc5+ Kd2 90. Ra5 Kc3 91. Kc5 Kd2 92. Ra3 Ke2 93. Kd5 Kd2 94. Ng4 Rd8+ 95. Ke4 Kc2 (95... Re8+ $11 {is superior.} 96. Ne5 Kc2) 96. Rh3 Kd2 97. Nf6 Kc2 98. Nd5 Re8+ 99. Kd4 Kd2 100. Rd3+ Ke1 101. Ra3 Kf2 102. Nf6 Rd8+ 103. Ke4 Ke2 104. Rc3 Kd2 105. Rc6 Rh8 106. Kd4 Rd8+ 107. Nd5 Rh8 108. Rf6 Rh4+ 109. Nf4 Rh8 110. Rf7 Ra8 111. Nd5 Ra4+ 112. Ke5 Ra8 113. Rf3 Ke2 114. Rb3 Re8+ 115. Kd4 Kf2 116. Nf6 Rd8+ 117. Ke4 Ke2 118. Ng4 Kd2 119. Ne3 Re8+ 120. Kd4 Ke2 121. Nc4 Kf2 122. Rb2+ Kg3 123. Ne5 Ra8 124. Rb3+ Kf4 125. Rf3+ Kg5 126. Nc6 Ra1 127. Rf8 Rd1+ 128. Ke4 Re1+ 129. Kd5 Ra1 130. Nd4 Kg4 131. Ne2 Ra4 132. Ke5 Ra5+ 133. Ke4 Kg5 134. Nd4 1/2-1/2

[Event "FIDE WTC-KO 202"]
[Site "Jerusalem"]
[Date "2022.11.23"]
[Round "2.1"]
[White "Yakubboev, Nodirbek"]
[Black "Ivanchuk, Vasyl"]
[Result "1/2-1/2"]
[ECO "A37"]
[WhiteElo "2563"]
[BlackElo "2686"]
[Annotator "TA"]
[PlyCount "79"]
[EventDate "2022.11.20"]
[EventType "team-tourn"]
[EventCountry "ISR"]
[SourceTitle "playchess.com"]
[Source "ChessBase"]
[SourceQuality "1"]
[TimeControl "2700+10"]

1. c4 c5 2. g3 g6 3. Bg2 Bg7 4. Nc3 Nc6 5. Nf3 d6 6. O-O Nh6 {[%emt 0:00:51] 6...e6 gains popularity.} 7. d4 cxd4 {[%emt 0:00:05] A37: Symmetrical English vs ...g6: 4 Bg2 Bg7 5 Nf3.} 8. Nxd4 {[%emt 0:00:03][%mdl 64] [#]} Bd7 {[%emt 0:02:44] [#]} (8... Nxd4 $11 9. Bxh6 Nxe2+ 10. Qxe2 Bxh6) 9. Nxc6 $146 ({Predecessor:} 9. c5 dxc5 10. Nxc6 Bxc6 11. Bxc6+ {½-½ (11) Pantovic,D (2132)-Velickovic,S (2377) Vrnjacka Banja 2014}) 9... bxc6 {[%emt 0:01:07] White is slightly better.} 10. Bd2 (10. e4 $5 ) 10... Qc8 11. Rc1 O-O 12. b4 Bh3 13. e4 Bxg2 14. Kxg2 f5 15. Qe2 fxe4 16. Nxe4 Nf5 17. Bc3 {[%emt 0:01:09] The position is equal.} Bxc3 18. Nxc3 Qb7 19. Qe4 Qxb4 20. Qxc6 Rac8 21. Qd5+ Kh8 22. Ne4 Qb2 {[%emt 0:00:03] [#] Hoping for ...Ne3+.} 23. Qd2 {[%emt 0:00:03] Inhibits Ne3+.} Qxd2 24. Nxd2 Rc7 25. Rc3 Rfc8 26. Rfc1 Nd4 {[%emt 0:02:12] aiming for ...Ne2.} 27. Kf1 {[%emt 0:00:32] Against Ne2} Nc6 28. Ke2 Kg7 29. f4 Kf7 30. Ke3 Ke8 31. a3 Kd7 32. Kd3 Nd8 33. Rb1 Ne6 34. Ne4 Rc6 35. Rb5 Ra6 36. Rcb3 Ra4 37. R5b4 Ra5 ({But not} 37... Rxb4 38. axb4 Ra8 39. Ra3 $16) 38. Rb5 Ra4 39. R5b4 Ra5 ({Much less strong is} 39... Rxb4 40. axb4 a6 41. Ra3 $14) 40. Rb5 {[%emt 0:00:07] Weighted Error Value: White=0.06 (flawless) /Black=0.06 (flawless)} 1/2-1/2

[Event "FIDE WTC-KO 202"]
[Site "Jerusalem"]
[Date "2022.11.23"]
[Round "2.1"]
[White "Bernadskiy, Vitaliy"]
[Black "Vakhidov, Jakhongir"]
[Result "0-1"]
[ECO "B38"]
[WhiteElo "2544"]
[BlackElo "2507"]
[Annotator "TA"]
[PlyCount "104"]
[EventDate "2022.11.20"]
[EventType "team-tourn"]
[EventCountry "ISR"]
[SourceTitle "playchess.com"]
[Source "ChessBase"]
[SourceQuality "1"]
[TimeControl "2700+10"]

1. e4 c5 2. Nf3 Nc6 3. d4 cxd4 4. Nxd4 g6 5. c4 Bg7 6. Be3 Qb6 7. Nb3 {[%emt 0:00:02] B38: Sicilian: Maroczy Bind with 5...Bg7 and 7...0-0.} Qd8 8. Qd2 Nf6 9. f3 {[%emt 0:00:02] White is slightly better.} d6 10. Be2 O-O 11. Nc3 a5 12. Nd4 Nxd4 13. Bxd4 ({But not} 13. Qxd4 Ng4 $1 14. Qd2 Nxe3 15. Qxe3 Be6 $15) 13... Bd7 14. g4 a4 15. h4 Qa5 {[%emt 0:00:19] Inhibits h5.} 16. h5 Be6 17. O-O-O ({White should try} 17. Rb1 $16) 17... Rfc8 $1 $11 18. hxg6 fxg6 19. g5 {[%emt 0:00:11] [#]} (19. Kb1 $5 ) 19... Ne8 $146 (19... Nh5 $11 20. Bxg7 Kxg7) ({Predecessor:} 19... Nh5 20. Bxg7 Kxg7 21. Kb1 Qe5 22. Rxh5 gxh5 23. f4 Qc5 24. f5 Bxc4 25. f6+ Kh8 26. Bxc4 Qxc4 27. fxe7 Qe6 {1-0 (36) Handke,F (2533)-Schirm,F (2257) Dortmund 2022}) 20. Bxg7 (20. Kb1 $1 $16) 20... Nxg7 21. Nd5 Bxd5 22. Qxd5+ Qxd5 23. Rxd5 Ne6 24. Kd2 Rc5 25. Rg1 Ra6 26. Rg4 Nc7 $1 27. Rxc5 dxc5 {[%emt 0:00:01][%mdl 4096] Endgame KRB-KRN} 28. Kc3 (28. e5 $11) 28... e5 $1 $15 29. f4 exf4 30. Rxf4 Re6 (30... Ne6 $5 31. Rg4 a3 $11) 31. Bd1 (31. Bg4 $11 Re5 32. Bc8) 31... Re5 $17 {[%emt 0:00:04] White is on the road to losing.} 32. Bxa4 {[%emt 0:00:00] [#]} Ne6 $1 33. Rg4 Nxg5 {[%emt 0:00:20] Black is more active.} 34. Kd3 Kg7 35. Ke3 (35. Rg2 $17) 35... h5 $19 36. Rh4 Nf7 37. Bd1 Nd6 38. b3 (38. Kd3 {keeps fighting.}) 38... Nf5+ 39. Kf4 {[%emt 0:00:00] [#]} Kf6 ({Not} 39... Nxh4 40. Kxe5 Ng2 41. Kd6 $16) (39... Rxe4+ 40. Kxe4 Nxh4 41. a3 $17) 40. Rh1 (40. Rh2 $142 g5+ 41. Kf3 g4+ 42. Kf4) 40... g5+ 41. Kf3 g4+ 42. Kf4 $2 {[%emt 0:00:00] [#]} (42. Kf2 Rxe4 43. Rxh5) 42... Rxe4+ $3 43. Kxe4 Ng3+ 44. Kf4 Nxh1 {[%emt 0:00:01] KB-KN} 45. Bc2 Nf2 {[%emt 0:00:02] White must now prevent ...h4.} 46. Kg3 Nh3 47. Kh4 Ng5 {[%emt 0:00:30] Against Be4. Threatens to win with ...Nf3+.} 48. a3 Nf3+ {[%emt 0:00:12] Black mates.} 49. Kg3 Kg5 50. Be4 h4+ 51. Kf2 Kf4 52. Bxb7 h3 {[%emt 0:00:12] Weighted Error Value: White=0.59/Black=0.06 (flawless)} 0-1

[Event "FIDE WTC-KO 202"]
[Site "Jerusalem"]
[Date "2022.11.23"]
[Round "2.1"]
[White "Bartel, Mateusz"]
[Black "Bai, Jinshi"]
[Result "1/2-1/2"]
[ECO "B30"]
[WhiteElo "2533"]
[BlackElo "2498"]
[Annotator "TA"]
[PlyCount "179"]
[EventDate "2022.11.20"]
[EventType "team-tourn"]
[EventCountry "ISR"]
[SourceTitle "playchess.com"]
[Source "ChessBase"]
[SourceQuality "1"]
[TimeControl "2700+10"]

1. e4 c5 2. Nf3 e6 3. Nc3 Nc6 4. Bb5 Nge7 5. O-O a6 6. Be2 d5 7. exd5 Nxd5 8. Nxd5 Qxd5 9. b3 Be7 10. Bb2 O-O 11. Re1 b6 12. Bd3 Bb7 13. Be4 (13. Ne5 {simplifies} Nxe5 14. Be4 Qd7 15. Bxe5 Bxe4 16. Rxe4 Bg5 17. d3) 13... Qd7 14. Qe2 (14. Ne5 {simplifies} Nxe5 15. Bxe5 Bxe4 16. Rxe4 Bg5 17. Bc3) 14... Rad8 15. Qe3 (15. Ne5 {simplifies} Nxe5 16. Bxb7 Qxb7 17. Bxe5 Rd5 18. Rad1) 15... Nb4 16. Ne5 ({But not} 16. Qc3 Bf6 17. d4 a5 18. Bxb7 Qxb7 $17) 16... Qc7 17. a3 Bxe4 18. Qxe4 Nd5 19. c4 Nf6 20. Qc6 Bd6 21. Qf3 Nd7 22. Nxd7 $1 Rxd7 ({Much less strong is} 22... Bxh2+ 23. Kh1 Rxd7 24. g3 $16) 23. h4 e5 24. h5 h6 25. Qf5 f6 26. Re3 Rfd8 27. Bc3 b5 28. a4 b4 29. Bb2 Bf8 30. d3 Rd6 31. Kf1 Qd7 (31... a5 {is interesting.} 32. Rd1 R6d7 33. Rg3 Rf7) 32. Qxd7 R6xd7 33. Rd1 Kf7 34. Ke2 Bd6 35. g4 Bc7 36. Re4 Rd6 37. Bc1 R6d7 38. Be3 Bd6 $1 39. f3 Kf8 40. Bf2 Kf7 41. f4 Re8 (41... exf4 $11 42. d4 Bb8) 42. fxe5 $16 fxe5 43. Be3 Ke6 (43... Re6 $142) 44. g5 (44. d4 $16) 44... hxg5 $14 45. Rg1 Be7 46. Bxg5 Bxg5 (46... Bf6 $11) 47. Rxg5 $16 Kf6 48. Rg6+ Kf5 {[%emt 0:00:02] [#]} 49. Reg4 (49. Rxa6 Red8 $14) (49. Rc6 $1 $16 ) 49... e4 $1 $14 50. R6g5+ Kf6 51. dxe4 (51. Rxc5 $16 {Threatens to win with Rf4+.} exd3+ 52. Kd1) 51... Rxe4+ $11 52. Rxe4 Kxg5 53. Re5+ Kf4 54. Rxc5 Ke4 $1 55. Rg5 Kd4 56. Rg3 Rf7 57. Rd3+ Ke4 $1 58. Re3+ Kd4 59. Rf3 Re7+ $1 60. Kd2 Re5 61. Rd3+ Kc5 62. Rh3 Rg5 63. Ke3 Rg4 64. Kf3 Rd4 ({Black should play} 64... Rg1 $14) 65. Ke2 ({White should try} 65. Rg3 $16) 65... Re4+ $11 66. Kd3 Rd4+ 67. Ke3 (67. Kc2 $11) 67... Rg4 $1 $14 68. a5 (68. Kf2 $14) 68... Kd6 69. Kf3 (69. h6 gxh6 70. Rxh6+ Kc5 $14) 69... Rg5 70. h6 gxh6 $1 71. Rxh6+ Kc5 72. Kf4 Rg1 73. Rxa6 Rb1 74. Ra8 Rxb3 75. Rc8+ Kd6 76. Ke4 Ra3 77. c5+ Kd7 78. Rb8 Rxa5 79. Kd5 Ra6 80. Rb7+ Kc8 81. Rxb4 Rh6 82. Re4 Rg6 83. Re6 Rxe6 84. Kxe6 Kc7 85. Kd5 Kd7 86. c6+ Kc7 $1 87. Kc5 Kc8 88. Kd6 Kd8 89. c7+ Kc8 90. Kc6 1/2-1/2

[Event "FIDE WTC-KO 202"]
[Site "Jerusalem"]
[Date "2022.11.23"]
[Round "2.1"]
[White "Santos Ruiz, Miguel"]
[Black "Mamedov, Rauf"]
[Result "1-0"]
[ECO "B57"]
[WhiteElo "2480"]
[BlackElo "2567"]
[Annotator "TA"]
[PlyCount "111"]
[EventDate "2022.11.20"]
[EventType "team-tourn"]
[EventCountry "ISR"]
[SourceTitle "playchess.com"]
[Source "ChessBase"]
[SourceQuality "1"]
[TimeControl "2700+10"]

1. e4 c5 2. Nf3 d6 3. d4 cxd4 4. Nxd4 Nf6 5. Nc3 Nc6 6. Bc4 Qb6 7. Nxc6 bxc6 8. O-O g6 9. Qe1 {[%emt 0:00:02] B57: Classical Sicilian: Sozin with 6...Qb6.} Qc7 {[%emt 0:00:07] Nowadays more popular than 9...Qc5.} (9... Bg7 {with more complications.} 10. e5 dxe5 11. Qxe5 O-O) 10. Bf4 {[%emt 0:00:01] Strongly threatening e5.} Nd7 {[%emt 0:00:09] Inhibits e5.} 11. Rd1 {[%emt 0:00:02][%cal Oe4e5] The position is equal.} Bg7 {[%emt 0:01:01] Against e5} 12. Qd2 Rb8 13. Bh6 O-O 14. Bxg7 (14. Rfe1 {feels hotter.} Ne5 15. Bb3 Bg4 16. Ra1) 14... Kxg7 15. b3 Nf6 {[%emt 0:08:16] [#]} 16. Rfe1 $146 ({Predecessor:} 16. h3 Bb7 17. Qe3 Rfd8 18. Qxa7 Ra8 19. Qe3 d5 20. exd5 cxd5 21. Nb5 Qc6 22. Nd4 Qc7 23. Nb5 Qc6 24. Nd4 Qc7 25. Nb5 {½-½ (25) Mikhalchishin,A (2465)-Kozul,Z (2569) Mali Losinj 2019}) 16... Be6 (16... Nd7 $14) 17. Bxe6 $16 fxe6 18. e5 $1 dxe5 19. Qe2 Nd5 20. Ne4 {[%emt 0:02:36][%mdl 1024] White has strong compensation.} Nf4 {[%emt 0:01:44] Against c4} (20... Rbd8 $16 {might work better.}) 21. Qe3 $18 {[%emt 0:03:14] Black must now prevent Nc5.} Nd5 22. Qg3 {[%emt 0:01:24] Threatens to win with Ng5.} Kg8 (22... Rf5 {was called for.} 23. Ng5 Kg8 24. Nxe6 Qd6) 23. c4 Nf4 24. Qe3 Qa5 25. g3 Nh5 26. Nc5 Qxa2 27. Ra1 {[%emt 0:06:34][%mdl 64] Deflection} Qb2 28. Reb1 (28. Qxe5 Qxf2+ 29. Kh1 Qf3+ 30. Kg1 Qf2+ 31. Kh1 Qf3+ 32. Kg1 Qf2+ $11) 28... Qc2 {[%emt 0:00:13] [#]} (28... Qd4 $16) 29. Nd7 $1 (29. Qxe5 Qxf2+ 30. Kh1 Ng7 $11) (29. Nxe6 Rf6 30. Rc1 (30. Qxe5 Qxf2+ 31. Kh1 Qf3+ 32. Kg1 Qf2+ 33. Kh1 Qf3+ 34. Kg1 Qf2+ $11) (30. Qxa7 Re8 $15) 30... Qb2 $16) 29... Nf6 30. Nxf8 (30. Nxb8 $2 Ng4 31. Qxa7 Rxf2 $19) 30... Rxf8 31. Qxe5 Ne4 32. Rb2 {[%emt 0:00:33] Chess con chili.} (32. Qxe6+ $6 Rf7 33. Rf1 (33. Qxc6 Qxf2+ 34. Kh1 Qf3+ 35. Kg1 Qf2+ 36. Kh1 Qe2 $11) 33... Nd2 $18) 32... Qd3 33. Re1 (33. Qxe6+ $18 Rf7 34. Qxc6 (34. Rxa7 Qd1+ 35. Kg2 Qf3+ 36. Kg1 Qd1+ 37. Kg2 Qf3+ 38. Kg1 Qd1+ $11)) 33... Nd2 $1 $14 {[%emt 0:00:06] aiming for ...Nf3+.} 34. Qxe6+ (34. Rxd2 {simplifies} Qxd2 35. Qxe6+ Rf7 36. Qe3) 34... Rf7 {[%emt 0:00:01] [#]} 35. Rxd2 $1 Qxd2 {[%emt 0:00:01][%mdl 4096] Endgame KQR-KQR} 36. Re2 (36. Qe3 {simplifies} Qxe3 37. Rxe3 c5 38. Re5) 36... Qd3 37. b4 (37. Qe3 {simplifies} Qxe3 38. Rxe3 c5 39. Re5) 37... Kg7 38. Qe5+ Kg8 39. Qe6 (39. Qe4 {simplifies} Qxe4 40. Rxe4 Kf8 41. Re3) 39... Kg7 40. c5 ({White should try} 40. f4 $14) 40... h5 (40... Qb1+ $11 {remains equal.} 41. Kg2 Qxb4) 41. h4 (41. Qe5+ $16 Kg8 42. Qe4 Qxe4 43. Rxe4) 41... a6 {[%emt 0:00:16] [#]} (41... Qb1+ $1 $11 42. Re1 Qxb4) 42. Qe4 (42. Qe5+ $142 $1 Kg8 43. Kg2) 42... Qd7 (42... Qxe4 $16 43. Rxe4 Kf6) 43. Kg2 $36 {[%emt 0:00:05][%mdl 2048] White is on the roll.} Qd1 44. Ra2 Qb3 $2 (44... Qd7 $16 45. Re2 (45. Rxa6 Qd2 $16) 45... Qb7 46. Qd4+ Kh7) 45. Rxa6 Qb2 46. Qe3 (46. Qxc6 $2 {is the wrong capture.} Qxf2+ 47. Kh3 Qf1+ 48. Qg2 Qxa6 $19) (46. Rxc6 Rxf2+ 47. Kg1 Rf5 48. Qxe7+ Rf7 $17) 46... Qxb4 47. Rxc6 (47. Qe5+ $142 Kh7 48. Qe6 (48. Rxc6 Qd2 $17)) 47... Qc4 $2 (47... Qb7 48. Qe4 Rf6) 48. Re6 (48. Qe5+ $142 Kh7 49. Rc8) 48... Qd5+ 49. Kg1 Qd1+ 50. Qe1 $2 (50. Kh2 $18 {is the precise move to win.} Qd5 51. Rxe7) 50... Qd5 $2 {[%emt 0:00:12] Loses the game.} (50... Qxe1+ $16 {was necessary.} 51. Rxe1 Kf6) 51. c6 {[%emt 0:00:07] Hoping for Qc3+.} ({Weaker is} 51. Rxe7 Qxc5 52. Qa1+ Kg8 53. Qa8+ Kg7 54. Qa1+ Kf8 $16) 51... Qc4 {[%emt 0:00:11] Prevents Qc3+.} (51... Qc5 $18 52. Qe2 Kh7) 52. Qe5+ {[%emt 0:00:13] White mates.} ({Not} 52. Rxe7 Qxc6 53. Qe5+ Kg8 54. Qb8+ Kg7 55. Qe5+ Kg8 $16) 52... Kh7 53. Rxe7 Kg8 54. Re8+ Rf8 55. Rxf8+ Kxf8 56. Qf4+ {[%emt 0:00:09] Weighted Error Value: White=0.33/Black=0.45} 1-0

[Event "FIDE WTC-KO 202"]
[Site "Jerusalem"]
[Date "2022.11.23"]
[Round "2.1"]
[White "Vokhidov, Shamsiddin"]
[Black "Volokitin, Andrei"]
[Result "1-0"]
[ECO "B51"]
[WhiteElo "2471"]
[BlackElo "2659"]
[Annotator "TA"]
[PlyCount "69"]
[EventDate "2022.11.20"]
[EventType "team-tourn"]
[EventCountry "ISR"]
[SourceTitle "playchess.com"]
[Source "ChessBase"]
[SourceQuality "1"]
[TimeControl "2700+10"]

1. e4 c5 2. Nf3 d6 3. Bb5+ Nd7 4. a4 Ngf6 5. Nc3 a6 6. Be2 {[%emt 0:00:02] B51: Sicilian: Moscow Variation (3 Bb5+) without 3...Bd7.} g6 7. O-O Bg7 8. d4 {[%emt 0:00:23] White has an edge.} cxd4 9. Nxd4 b6 {[%emt 0:00:20] [#]} 10. Nc6 $146 ({Predecessor:} 10. f4 Bb7 11. Bf3 Qc7 12. Nde2 O-O 13. Be3 h5 14. Bd4 e5 15. Bf2 Nc5 16. fxe5 dxe5 {0-1 (39) Blatov,I (2323)-Kadatsky,A (2353) Samara 2007}) 10... Qc7 11. Nb4 Bb7 12. Nbd5 Qd8 13. Be3 O-O 14. Qd2 e6 15. Nxf6+ Nxf6 16. Bf3 Qc7 17. Rfd1 Rfd8 18. Bd4 d5 19. exd5 Nxd5 20. Bxd5 {[%emt 0:01:20] Strongly threatening Bxg7.} Bxd5 21. Qe3 Bxd4 22. Rxd4 Bb7 23. Rad1 Rxd4 24. Qxd4 Rc8 25. h4 h5 26. Rd2 b5 27. axb5 axb5 28. f3 e5 29. Qe3 Ra8 ({Better is} 29... b4 $11 30. Ne4 Bxe4 31. Qxe4 Qc5+ 32. Kh2 Qe7) 30. Nxb5 $14 Ra1+ $2 {[%emt 0:00:05] Black cannot hold the game after this.} (30... Qe7 $1 $14 31. Nc3 e4) 31. Kh2 $18 Qc4 (31... Qe7 32. Qg5 Qxg5 33. hxg5 Kg7) 32. Rd8+ (32. Qxe5 $2 Qxh4#) 32... Kh7 {[%emt 0:00:01][%cal Rc4h4] [#]} 33. Qg5 Bxf3 {[%emt 0:00:11] [#]} (33... Qxb5 {leads to mate.} 34. Qf6) (33... Qe6 34. Nd6) 34. Nd4 $1 {[%emt 0:00:01][%cal Og5f6] Threatening mate with Qf6!} (34. Qxe5 $2 Qxh4#) (34. Qf6 {[#] gets mated.} Rh1+ $3 35. Kg3 Qg4+ 36. Kf2 Qxg2+ 37. Ke3 Qe2#) 34... Be4 {[%emt 0:01:45] [#] ...Qf1 is the strong threat.} 35. Qf6 $1 {[%emt 0:00:31] Weighted Error Value: White=0.02 (flawless) /Black=0.55} 1-0